Match 46733510
Unlisted

Match 46733510
End
Engineer Squad
Construct Barracks
Selects Special Operations Battlegroup
Riflemen Squad
Riflemen Squad
Construct Medical Station
Selects M29 Weasel with M1 Pack Howitzer
M29 Weasel with M1 Pack Howitzer
Mechanized Support Center
Construct Motor Pool
Selects Raiding Flares
M8 Greyhound Armored Car
Grenade Package
Improvised Armor
Survivalist
Bubbciss
Mumufei
维维豆奶
Nohope4u
Synthoras
†-MÐ-†AltruisticSaint
快乐人民
0
0

Comments sign in to comment!

No comments posted yet!